 Dungeon Crawl Stone Soup version 0.31-a0-875-g02e7d12df6 (webtiles) character file.

Game seed: 11840636069764467858

52 gelatine the Firebug (level 3, -1/33 HPs)
             Began as an Ogre Fire Elementalist on Oct 13, 2023.
             Killed from afar by Sigmund (6 damage)
             ... with a puff of flame
             ... on level 2 of the Dungeon.
             The game lasted 00:04:43 (1551 turns).

gelatine the Firebug (Ogre Fire Elementalist)       Turns: 1551, Time: 00:04:45

Health: -1/33      AC:  4    Str: 12    XL:     3   Next: 85%
Magic:  7/7        EV: 10    Int: 18    God:
Gold:   78         SH:  0    Dex:  9    Spells: 7/8 levels left

rFire   . .          .
                       - Unarmed
rCold   . . .        (no shield)
rNeg    . . .        a - +0 robe
rPois   .            (helmet restricted)
rElec   .            j - +0 cloak
rCorr   .            (gloves unavailable)
SInv    .            (boots unavailable)
Will    .....        (no amulet)
Stlth   +            (no ring)
HPRegen 0.25/turn    (no ring)
MPRegen 0.10/turn

%: no passive effects
@: confused, ambrosia-drunk, very slightly contaminated
A: large, unfitting armour, tough skin 1
a: no special abilities


You were on level 2 of the Dungeon.
You visited 1 branch of the dungeon, and saw 2 of its levels.

You collected 78 gold pieces.

Inventory:

Hand Weapons
 f - a +0 club
Armour
 a - a +0 robe (worn)
 j - a +0 cloak (worn)
Jewellery
 l - an amulet of faith
Scrolls
 c - a scroll of enchant weapon {unknown}
 e - 2 scrolls of silence {unknown}
 g - a scroll of teleportation {unknown}
 k - a scroll of revelation {unknown}
 n - a scroll of fog {unknown}
 p - a scroll of vulnerability {unknown}
Potions
 b - a potion of magic
 h - a potion of degeneration {unknown}
 i - 2 potions of curing {unknown}
 m - a potion of invisibility {unknown}
 o - a potion of attraction {unknown}


   Skills:
 * Level 1.0 Fighting
 * Level 2.2 Dodging
 + Level 1.4 Stealth
 + Level 1.2 Unarmed Combat
 * Level 3.0 Spellcasting
 * Level 1.1 Conjurations
 * Level 3.0 Fire Magic


You had 7 spell levels left.
You knew the following spells:

 Your Spells              Type           Power      Damage    Failure   Level
a - Foxfire               Conj/Fire      40%        2x1d6     7%          1

Your spell library contained the following spells:

 Spells                   Type           Power      Damage    Failure   Level
 Scorch                   Fire           26%        2d6       7%          2
 Inner Flame              Hex/Fire       8%         N/A       26%         3
 Volatile Blastmotes      Fire/Tloc      16%        2d11      26%         3
 Flame Wave               Conj/Fire      10%        2d6       56%         4


Dungeon Overview and Level Annotations

Branches:
Dungeon (2/15)

Altars:

Annotations:
D:2 Sigmund


Innate Abilities, Weirdness & Mutations

You are too large for most types of armour.
You have tough skin. (AC +1)


Message History

You hear some strange, mumbled words.
You are confused.
You bump into the rock wall.
You bump into the rock wall.
Something hits you. Something hits you!
You closely miss something. You hit something but do no damage.
Something hits you. Something hits you but does no damage.
You completely miss something.
You feel less confused. Something hits you!
* * * LOW HITPOINT WARNING * * *
Something hits you.
* * * LOW HITPOINT WARNING * * *
You hit something.
Unknown command.
Casting: Foxfire (safe; 7% risk of failure)
Confirm with . or Enter, or press ? or * to list all spells.
You conjure some foxfire!
Something hits you.
* * * LOW HITPOINT WARNING * * *
You are too injured to fight recklessly!
Casting: Foxfire (safe; 7% risk of failure)
Confirm with . or Enter, or press ? or * to list all spells.
You conjure some foxfire!
The foxfire hits something but does no damage. x2
Something hits you.
* * * LOW HITPOINT WARNING * * *
Casting: Foxfire (safe; 7% risk of failure)
Confirm with . or Enter, or press ? or * to list all spells.
You miscast Foxfire.
You are very lightly contaminated with residual magic.
Nothing appears to happen.
The foxfire hits something but does no damage. x2
It was a potion of ambrosia.
You are confused.
You feel invigorated.
You hear some strange, mumbled words.
A puff of flame appears from out of thin air!
The puff of flame hits you.
You die...

#.. #####..........######
###..### #.#####..###
......## #.## ##...# ......
...#####.#.####
#...####......†.#..... ##
#....................#
#..###........##....####....
............§#####.#####..#
###....##.@§.........[...# #
###....##{w.#####.#####..
....##$..#.......# #.#
#.....>...#####.....#..
....w.###### ...##...#.
.#..<. ♣♣... #...# .....
♣♣.#### . .w#.. ..# .. . #.
..


You could see a worm.

Vanquished Creatures
  4 endoplasms
  4 giant cockroaches (D:1)
  4 goblins (D:1)
  6 hobgoblins
  8 jackals (D:1)
  2 kobolds (D:1)
  A quokka (D:2)
  4 ball pythons
  3 bats
  6 rats
42 creatures vanquished.

Vanquished Creatures (others)
  84 foxfires
84 creatures vanquished.

Grand Total: 126 creatures vanquished

Notes
Turn   | Place    | Note
-------+----------+-------------------------------------------
     0 | D:1      | gelatine the Ogre Fire Elementalist began the quest for the
                  | Orb.
     0 | D:1      | Reached XP level 1. HP: 16/16 MP: 3/3
   173 | D:1      | Reached XP level 2. HP: 4/24 MP: 5/5
   543 | D:1      | Reached skill level 1 in Unarmed Combat
   543 | D:1      | Reached XP level 3. HP: 31/31 MP: 5/7
   739 | D:1      | Found a faded altar of an unknown god.
   754 | D:1      | Reached skill level 1 in Conjurations
  1178 | D:1      | Reached skill level 1 in Fighting
  1521 | D:2      | Noticed Sigmund
  1549 | D:2      | HP: 1/33 [something (4)]
  1551 | D:2      | Killed from afar by Sigmund

Illustrated notes

Levels and vault maps discovered:
D:1:      dpeg_arrival_short_road, layout_loops_ring, basic_ecumenical_altar
D:2:      layout_rooms, serial_shops, shop, nrook_campfire, uniq_robin,
          uniq_sigmund

Skill      XL: |  1  2  3 |
---------------+----------+-----
Dodging        | 2 |  2.2
Fire Magic     | 3 |  3.0
Unarmed Combat | 1 |  1.2
Conjurations   | 1 |  1.1
Fighting       | 1 |  1.0
Spellcasting   | 3 |  3.0
Stealth        | |  1.4

Action                     || total
---------------------------++-------
  Melee: Unarmed           ||    92
         Club              ||     6
         Punch             ||     2
   Cast: Foxfire           ||    58
    Use: Potion            ||     1
 Armour: Robe              ||    85
  Dodge: Dodged            ||    64

Table legend: (Time is in decaauts)
 A = Elapsed time spent in this place.
 B = Non-inter-level travel time spent in this place.
 C = Inter-level travel time spent in this place.
 D = Time resting spent in this place.
 E = Time spent auto-exploring this place.
 F = Levels seen in this place.
 G = Mean time per level.
                   A        B        C        D        E       F      G
               +--------+--------+--------+--------+--------+-----+--------+
         Total |   1549 |   1518 |     31 |      0 |   1131 |   2 |  774.5 |
       Dungeon |   1549 |   1518 |     31 |      0 |   1131 |   2 |  774.5 |
               +--------+--------+--------+--------+--------+-----+--------+

Top non-repeatable levels by time:
     D:1: 1230 daAuts
     D:2: 319 daAuts
